 Dungeon Crawl Stone Soup version 0.32-a0-433-g08bcfe7efd (webtiles) character file.

Game seed: 2688125550322141208

51 Dittersdorf the Trooper (level 3, 0/24 HPs)
             Began as a Gargoyle Fighter on Feb 22, 2024.
             Incinerated by a bombardier beetle (4 damage)
             ... with a burning spray
             ... on level 3 of the Dungeon.
             The game lasted 00:00:48 (1037 turns).

Dittersdorf the Trooper (Gargoyle Fighter)          Turns: 1037, Time: 00:00:48

Health: 0/24       AC: 10    Str: 21    XL:     3   Next: 81%
Magic:  3/3        EV:  9    Int:  8    God:
Gold:   24         SH:  4    Dex:  9    Spells: 2/2 levels left

rFire   . . .        a - +0 flail
rCold   . . .        c - +0 buckler
rNeg    + . .        b - +0 scale mail
rPois   ∞            (no helmet)
rElec   +            (no cloak)
rCorr   .            (no gloves)
SInv    .            (no boots)
Will    .....        (no amulet) Stlth
                     (no ring)
HPRegen 0.24/turn    (no ring)
MPRegen 0.08/turn

%: no passive effects
@: on fire, glowing
A: sickness immunity, AC +3, negative energy resistance 1, electricity
resistance, torment resistance 1, petrification resistance
a: no special abilities


You were on level 3 of the Dungeon.
You visited 1 branch of the dungeon, and saw 3 of its levels.

You collected 24 gold pieces.

Inventory:

Hand Weapons
 a - a +0 flail (weapon)
Armour
 b - a +0 scale mail (worn)
 c - a +0 buckler (worn)
Scrolls
 e - 2 scrolls of revelation {unknown}
 f - 5 scrolls of teleportation {unknown}
 g - 2 scrolls of identify {unknown}
 i - a scroll of fog {unknown}
Potions
 d - a potion of might
 h - a potion of lignification {unknown}
 j - a potion of curing {unknown}
 k - a potion of attraction {unknown}


   Skills:
 + Level 3.8 Fighting
 + Level 2.6 Maces & Flails
 + Level 3.8 Armour
 + Level 3.8 Shields


You had 2 spell levels left.
You didn't know any spells.
Your spell library was empty.

Dungeon Overview and Level Annotations

Branches:
Dungeon (3/15)

Altars:


Innate Abilities, Weirdness & Mutations

You are immune to sickness and miasma.
Your stone body is resilient. (AC +3)
You are immune to poison.
You resist negative energy. (rN+)
You are resistant to electric shocks. (rElec)
You are resistant to unholy torment.
You are immune to petrification.


Message History

The bombardier beetle sprays incendiary fluid at you.
The burning spray hits you.
You are even more covered in liquid fire!
You sock the bombardier beetle!
The bombardier beetle is heavily wounded.
The liquid fire burns you!
The bombardier beetle bites you but does no damage.
You hit the bombardier beetle.
The bombardier beetle is severely wounded.
The liquid fire burns you!
* * * LOW HITPOINT WARNING * * *
You are too injured to fight recklessly!
You are too injured to fight recklessly!
You are too injured to fight recklessly!
You are too injured to fight recklessly!
You are too injured to fight recklessly!
You are too injured to fight recklessly!
You are too injured to fight recklessly!
You are too injured to fight recklessly!
You are too injured to fight recklessly!
You are too injured to fight recklessly!
You are too injured to fight recklessly!
You are too injured to fight recklessly!
You are too injured to fight recklessly!
You are too injured to fight recklessly!
You are too injured to fight recklessly!
You are too injured to fight recklessly!
You are too injured to fight recklessly!
You are too injured to fight recklessly!
You hit the bombardier beetle.
The bombardier beetle is almost dead.
The liquid fire burns you!
* * * LOW HITPOINT WARNING * * *
The bombardier beetle sprays incendiary fluid at you.
The burning spray hits you.
You are even more covered in liquid fire!
You hit the bombardier beetle.
You kill the bombardier beetle!
The liquid fire burns you!
You die...

###..#####
#....######
#......# #.#.##
#......##### ###
#.#.#
#.........).
...##.#.#
##..<..#.#
#.#....# #.....#
#......# #######
###...##
#.############.##
#......@.).....#
################


There were no monsters in sight!

Vanquished Creatures
  A bombardier beetle (D:3)
  2 adders (D:2)
  A dart slug (D:1)
  3 bats (D:3)
  4 endoplasms
  3 giant cockroaches
  3 goblins
  3 hobgoblins
  3 kobolds
  3 ball pythons
  A frilled lizard (D:3)
  2 rats (D:1)
29 creatures vanquished.

Notes
Turn   | Place    | Note
-------+----------+-------------------------------------------
     0 | D:1      | Dittersdorf the Gargoyle Fighter began the quest for the
                  | Orb.
     0 | D:1      | Reached XP level 1. HP: 14/14 MP: 1/1
    72 | D:1      | Reached XP level 2. HP: 19/19 MP: 2/2
   475 | D:2      | Reached XP level 3. HP: 24/24 MP: 3/3
  1013 | D:3      | Identified the +0 robe of Summertime {Dex+3}
  1037 | D:3      | Incinerated by a bombardier beetle

Illustrated notes

Levels and vault maps discovered:
D:1:      tarquinn_simple_flora_water_d, layout_rooms, serial_curves,
          eino_curves_01, eino_curves_01
D:2:      layout_basic, wad_floor_pattern_untrapped
D:3:      layout_loops_ring, mainiacjoe_overflow_brackets, uniq_natasha

Action                     || total
---------------------------++-------
  Melee: Flail             ||    77
 Armour: Scale mail        ||    51
  Dodge: Dodged            ||    35
  Block: Buckler           ||    12

Table legend: (Time is in decaauts)
 A = Elapsed time spent in this place.
 B = Non-inter-level travel time spent in this place.
 C = Inter-level travel time spent in this place.
 D = Time resting spent in this place.
 E = Time spent auto-exploring this place.
 F = Levels seen in this place.
 G = Mean time per level.
                   A        B        C        D        E       F      G
               +--------+--------+--------+--------+--------+-----+--------+
         Total |   1060 |   1011 |     49 |      0 |    820 |   3 |  353.3 |
       Dungeon |   1060 |   1011 |     49 |      0 |    820 |   3 |  353.3 |
               +--------+--------+--------+--------+--------+-----+--------+

Top non-repeatable levels by time:
     D:2: 472 daAuts
     D:1: 432 daAuts
     D:3: 155 daAuts
